Map: Cyber Forest LE

Players

Okaro

  • Race: Protoss Protoss
  • League: Silver
  • Spawn Location: 11:00

Shnerbalerb - Winner!

  • Race: Protoss Protoss
  • League: Silver
  • Spawn Location: 5:00

VOD

Have the link to the VOD?

Description

Time

  • Played on: July 6, 2019, 5:30 p.m.
  • Length: 16:50
Show
View Real Time Build Order
Export as new Build Order

Okaro Protoss 

Build Orders:  

Get SALT Encoding   

  12  0:01  Probe  
  13  0:15  Pylon  
  13  0:18  Probe  
  14  0:31  Probe  
  15  0:42  Gateway  
  15  0:43  Probe  
  16  1:04  Probe  
  17  1:09  Assimilator  
  17  1:14  Assimilator  
  17  1:19  Probe  
  18  1:41  Probe  
  19  1:52  Nexus  
  19  2:00  Cybernetics Core  
  19  2:02  Probe  
  20  2:30  Probe  
  20  2:36  Pylon  
  21  2:39  Pylon  
  21  2:50  Probe  
  22  3:04  Zealot  
  24  3:06  Probe x2  
  25  3:14  Gateway  
  25  3:16  Gateway, Probe  
  25  3:17  Gateway, Probe  
  25  3:19  Warp Gate  
  26  3:24  Probe  
  26  3:25  Probe  
  27  3:29  Stalker  
  27  3:32  Probe  
  29  3:35  Probe  
  33  3:45  Probe  
  33  3:47  Probe  
  35  4:03  Robotics Facility  
  35  4:05  Probe x2, Pylon  
  35  4:09  Stalker  
  39  4:15  Sentry  
  39  4:16  Zealot  
  43  4:19  Stalker  
  43  4:21  Probe x2  
  47  4:26  Pylon  
  47  4:32  Probe  
  47  4:35  Probe  
  49  4:40  Probe  
  50  4:47  Probe  
  50  4:48  Probe, Observer  
  52  4:52  Assimilator  
  52  4:55  Assimilator  
  52  4:58  Pylon  
  52  4:59  Probe  
  53  5:06  Observer  
  54  5:07  Stalker  
  57  5:16  Nexus  
  57  5:17  Probe, Forge  
  57  5:18  Probe  
  57  5:20  Stalker  
  65  5:28  Immortal  
  65  5:38  Observer  
  65  5:43  Zealot, Pylon  
  65  5:44  Stalker  
  65  5:47  Pylon  
  65  5:49  Sentry  
  71  5:51  Probe x2  
  73  6:03  Probe  
  74  6:14  Observer  
  73  6:22  Probe x2  
  76  6:30  Stalker x3  
  82  6:34  Probe  
  82  6:38  Probe  
  82  6:39  Probe  
  85  6:43  Stalker  
  87  6:47  Assimilator  
  87  6:51  Assimilator  
  75  7:03  Probe x2  
  75  7:04  Probe  
  74  7:15  Probe  
  74  7:16  Probe  
  74  7:21  Twilight Council  
  73  7:28  Stalker  
  75  7:34  Probe x3  
  78  7:41  Zealot x3  
  84  7:46  Probe x3  
  88  7:58  Probe x2  
  89  8:07  Nexus  
  89  8:08  Photon Cannon  
  89  8:15  Photon Cannon  
  89  8:17  Photon Cannon  
  89  8:18  Stalker  
  91  8:20  Photon Cannon  
  91  8:24  Photon Cannon  
  91  8:32  Probe x3  
  86  9:02  Zealot x2  
  81  9:30  Stalker x2  
  84  9:51  Pylon  
  84  9:52  Stalker  
  75  10:22  Stalker  
  75  10:23  Stalker x3  
  75  10:28  Nexus  
  81  10:32  Pylon  
  81  10:33  Probe x2  
  73  10:46  Probe x2  
  73  10:49  Stalker, Photon Cannon  
  77  10:54  Pylon  
  72  10:57  Pylon  
  67  11:14  Stalker  
  69  11:23  Pylon  
  61  11:29  Stalker x3  
  61  11:30  Probe x2  
  57  11:40  Gateway, Probe  
  57  11:42  Probe  
  57  11:43  Gateway  
  58  11:54  Probe  
  52  11:55  Zealot x3  
  55  12:14  Pylon  
  39  12:16  Pylon  
  39  12:17  Pylon  
  39  12:20  Pylon  
  37  12:25  Zealot x2  
  37  12:26  Zealot  
  37  12:34  Probe x2  
  36  12:52  Probe  
  36  12:53  Probe  
  38  13:01  Cybernetics Core  
  38  13:03  Gateway  
  38  13:04  Probe  
  39  13:07  Zealot x2  
  39  13:08  Zealot  
  45  13:19  Zealot x2  
  49  13:28  Probe x2  
  49  13:32  Probe x2  
  53  13:43  Stalker  
  55  13:51  Gateway  
  49  14:13  Zealot x3  
  45  14:24  Probe x3  
  45  14:29  Gateway  
  48  14:36  Probe x2  
  48  14:37  Probe  
Show
View Real Time Build Order
Export as new Build Order

Shnerbalerb Protoss - Winner!

Build Orders:  

Get SALT Encoding   

  13  0:11  Pylon  
  12  0:14  Probe  
  13  0:26  Probe  
  14  0:34  Forge  
  14  0:57  Pylon  
  13  1:26  Photon Cannon  
  13  1:31  Gateway  
  13  1:52  Probe  
  13  2:00  Probe  
  14  2:02  Assimilator  
  14  2:06  Assimilator  
  15  2:10  Probe  
  15  2:14  Pylon  
  16  2:18  Zealot  
  16  2:22  Probe  
  19  2:34  Probe  
  19  2:35  Gateway  
  19  2:36  Photon Cannon  
  20  2:46  Probe  
  21  2:55  Photon Cannon  
  21  2:59  Probe  
  21  3:01  Cybernetics Core  
  22  3:31  Nexus  
  22  3:36  Zealot  
  24  3:48  Probe  
  25  3:56  Probe  
  26  4:05  Probe  
  27  4:13  Adept  
  27  4:15  Protoss Air Weapons Level 1  
  29  4:38  Stargate  
  29  4:40  Probe  
  29  4:43  Adept  
  32  4:48  Probe  
  33  4:58  Probe, Assimilator  
  33  5:00  Assimilator  
  34  5:10  Probe  
  35  5:22  Probe  
  36  5:31  Oracle  
  36  5:34  Probe  
  38  5:46  Probe  
  39  5:58  Oracle, Probe  
  40  6:11  Probe  
  44  6:23  Probe  
  45  6:26  Photon Cannon  
  45  6:29  Photon Cannon  
  45  6:31  Photon Cannon  
  45  6:35  Probe  
  46  7:10  Probe  
  44  7:22  Probe  
  45  7:37  Pylon  
  45  7:39  Pylon  
  45  7:44  Void Ray  
  45  7:57  Probe  
  50  8:05  Probe  
  50  8:11  Stargate  
  51  8:13  Stargate  
  51  8:15  Probe  
  52  8:27  Probe, Void Ray  
  57  8:39  Probe  
  58  8:52  Probe  
  59  9:04  Probe  
  60  9:11  Pylon  
  60  9:13  Pylon  
  60  9:14  Pylon  
  58  9:27  Void Ray  
  58  9:28  Void Ray  
  58  9:29  Void Ray  
  48  10:03  Void Ray x2  
  50  11:06  Pylon  
  47  11:55  Void Ray x3  
  56  12:26  Forge  
  56  12:38  Void Ray  
  60  13:01  Pylon x2  
  60  13:03  Pylon  
  60  13:08  Pylon  
  60  13:12  Pylon  
  60  13:17  Void Ray  
  60  13:18  Void Ray  
  68  13:21  Void Ray  
  72  13:51  Void Ray  
  72  14:01  Void Ray  
  80  14:31  Pylon  
  80  14:34  Pylon  
  80  14:36  Photon Cannon  
  80  14:37  Photon Cannon  
  80  14:39  Photon Cannon  
  80  14:40  Photon Cannon  
  80  14:46  Pylon  
  80  14:48  Pylon  
  80  14:49  Photon Cannon  
  84  15:22  Photon Cannon  
  84  15:23  Photon Cannon x2  
  84  15:25  Photon Cannon  
  84  15:40  Phoenix  
Tags
 
Matchup
PvP
Spawn Locations
Cross Positions
Add a new tag
Caveats
  • Supply blocks, unpowered buildings, or Contaminate may cause inaccurate times.
  • Supply counts are checked every 10 seconds.